 Dungeon Crawl Stone Soup version 0.31-a0-232-gb1c03b2570 (webtiles) character file.

Game seed: 12448918715688850158

124 qw the Shooter (level 4, -12/37 HPs)
             Began as a Minotaur Hexslinger on July 7, 2023.
             Was an Initiate of Okawaru.
             Mangled by an ogre
             ... wielding a +0 giant spiked club
              (24 damage)
             ... on level 4 of the Dungeon.
             The game lasted 00:00:46 (1835 turns).

qw the Shooter (Minotaur Hexslinger)                Turns: 1835, Time: 00:00:46

Health: -12/37     AC:  6    Str: 13    XL:     4   Next: 81%
Magic:  4/4        EV: 12    Int: 10    God:    Okawaru [......]
Gold:   187        SH:  0    Dex: 14    Spells: 4/5 levels left

rFire   . . .        Y - +2 sling
rCold   . . .        (no shield)
rNeg    . . .        e - +2 leather armour {Will+}
rPois   .            (helmet restricted)
rElec   .            (no cloak)
rCorr   .            g - +0 pair of gloves
SInv    .            (no boots)
Will    +....        f - amulet of regeneration
Stlth   +            (no ring)
HPRegen 1.06/turn    (no ring)
MPRegen 0.09/turn

%: no passive effects
@: about to teleport
A: horns 2, retaliatory headbutt
a: Renounce Religion


You were on level 4 of the Dungeon.
You worshipped Okawaru.
Okawaru was noncommittal.
You visited 1 branch of the dungeon, and saw 4 of its levels.

You collected 187 gold pieces.


Innate Abilities, Weirdness & Mutations

You have a pair of horns on your head.
You reflexively headbutt those who attack you in melee.


   Skills:
 + Level 2.9 Fighting
 - Level 5.0 Ranged Weapons
 - Level 2.1 Dodging
 - Level 1.0 Spellcasting
 - Level 2.0 Hexes


You had 4 spell levels left.
You knew the following spells:

 Your Spells              Type           Power      Damage    Failure   Level
a - Slow                  Hex            16%        N/A       19%         1

Your spell library contained the following spells:

 Spells                   Type           Power      Damage    Failure   Level
 Inner Flame              Hex/Fire       2%         N/A       65%         3
 Portal Projectile        Hex/Tloc       4%         N/A       65%         3
 Cause Fear               Hex            2%         N/A       88%         4

Inventory:

Hand Weapons
 Y - a +2 sling (weapon)
Armour
 e - a +2 leather armour of willpower (worn)
 g - a +0 pair of gloves (worn)
Jewellery
 f - an amulet of regeneration (around neck)
Scrolls
 a - 2 scrolls of teleportation
 h - a scroll of identify
Potions
 b - a potion of might {unknown}
 d - a potion of enlightenment {unknown}
 i - a potion of attraction {unknown}
 j - a potion of brilliance {unknown}

Dungeon Overview and Level Annotations

Branches:
Dungeon (4/15)
 Temple: D:4-7

Altars:
Okawaru
Wu Jian


Message History

Enter note: You shoot a sling bullet.
The sling bullet hits the iguana.
The iguana is severely wounded.
The iguana barely misses you. You furiously retaliate!
You headbutt the iguana!
You kill the iguana!
Okawaru accepts your kill.
You start resting.
HP restored.
Done exploring.
(D) Dungeon
Where to? (* - list waypoints, Enter - D:4, ? - help)
What level of the Dungeon? (default 1, ? - help)
You climb downwards.
There is a stone staircase leading up, spattered with blood here.
An ogre comes into view. It is wielding a +0 giant spiked club.
You shoot a sling bullet. The sling bullet hits the ogre.
The ogre shouts!
The ogre is lightly wounded.
You hear a shout!
You shoot a sling bullet.
The sling bullet barely misses the ogre.
You shoot a sling bullet. The sling bullet hits the ogre.
The ogre is moderately wounded.
You shoot a sling bullet. The sling bullet hits the ogre.
The ogre is moderately wounded.
The ogre hits you with a +0 giant spiked club!!
Ouch! That really hurt!
1833 ||| READING 3 scrolls of teleportation.
As you read the scroll of teleportation, it crumbles to dust.
You feel strangely unstable.
A hobgoblin comes into view.
You shoot a sling bullet. The sling bullet hits the ogre!
The ogre is heavily wounded.
The ogre barely misses you.
You shoot a sling bullet.
The sling bullet barely misses the ogre.
The sling bullet hits the hobgoblin but does no damage.
The ogre hits you with a +0 giant spiked club!!
Ouch! That really hurt!
You die...

. .# #. #.
##.##
##!..##
#..#.....#
....g.O@.#
#..#....<#
##....#
##>...
.......
#####....
#.....
.#..... #
.....#


You could see an ogre and a hobgoblin.

Vanquished Creatures
  An iguana (D:3)
  An orc wizard (D:3)
  An adder (D:3)
  A worm (D:2)
  2 dart slugs
  9 orcs (D:3)
  2 ball pythons
  5 endoplasms
  3 giant cockroaches
  2 goblins
  2 hobgoblins (D:1)
  2 jackals (D:2)
  3 quokkas
  4 bats
  5 frilled lizards
  A kobold (D:1)
  3 rats
47 creatures vanquished.

Notes
Turn   | Place    | Note
-------+----------+-------------------------------------------
     0 | D:1      | qw the Minotaur Hexslinger began the quest for the Orb.
     0 | D:1      | Reached XP level 1. HP: 16/16 MP: 1/1
     0 | D:1      | 0 ||| qw: Version: 0.3-a-46-gb1f654a
     0 | D:1      | 0 ||| qw: Game counter: 2571
     0 | D:1      | 0 ||| qw: Melee chars always use a shield: true
     0 | D:1      | 0 ||| qw: God list: Okawaru
     0 | D:1      | 0 ||| qw: Allow faded altars: false
     0 | D:1      | 0 ||| qw: Do Orc after clearing Dungeon:15 true
     0 | D:1      | 0 ||| qw: Do second Lair branch before Depths: true
     0 | D:1      | 0 ||| qw: Lair rune preference: random
     0 | D:1      | 0 ||| qw: Goals: Normal
     0 | D:1      | 0 ||| PLANNING D:1-11
    23 | D:1      | 23 ||| FLEEEEING.
    24 | D:1      | 24 ||| FLEEEEING.
    38 | D:1      | 38 ||| FLEEEEING.
   198 | D:1      | Reached skill level 3 in Ranged Weapons
   298 | D:1      | Reached XP level 2. HP: 23/23 MP: 2/2
   349 | D:1      | Found a faded altar of an unknown god.
   661 | D:1      | 661 ||| UPGRADING to +2 leather armour of willpower.
   671 | D:1      | 671 ||| DROPPING +0 robe.
   672 | D:1      | 672 ||| READING 3 scrolls labelled EXYLUT PUOP.
   675 | D:1      | 675 ||| READING scroll labelled DAUMNE GYTA.
   776 | D:1      | 776 ||| READING scroll labelled JED KOTIWEP.
   777 | D:1      | 777 ||| READING 2 scrolls labelled DUJ IT COIPP.
   778 | D:1      | 778 ||| DROPPING scroll of poison.
   809 | D:2      | Found an iron altar of Okawaru.
   810 | D:2      | 810 ||| PLANNING OKAWARU WORSHIP
   817 | D:2      | Became a worshipper of Warmaster Okawaru
   818 | D:2      | 818 ||| PLANNING D:1-11
   908 | D:2      | Reached XP level 3. HP: 27/29 MP: 3/3
  1152 | D:2      | 1152 ||| DROPPING scarf of shadows.
  1153 | D:2      | 1153 ||| UPGRADING to +0 pair of gloves.
  1158 | D:2      | 1158 ||| UPGRADING to amulet of regeneration.
  1163 | D:2      | 1163 ||| READING scroll labelled EHAVAXZA COSI.
  1164 | D:2      | 1164 ||| READING scroll labelled GOKIFY GOPNO.
  1165 | D:2      | 1165 ||| READING scroll labelled HIN DACZUCOEC.
  1189 | D:3      | 1189 ||| STAIRDANCE
  1254 | D:3      | Reached skill level 4 in Ranged Weapons
  1260 | D:3      | Reached XP level 4. HP: 32/36 MP: 4/4
  1524 | D:3      | Found an ornate altar of the Wu Jian Council.
  1544 | D:3      | Reached skill level 5 in Ranged Weapons
  1787 | D:3      | 1787 ||| READING scroll labelled IFARCH GYMOI.
  1818 | D:4      | 1818 ||| STAIRDANCE
  1828 | D:4      | Noticed an ogre
  1832 | D:4      | HP: 8/37 [ogre/+0 giant spiked club (29)]
  1833 | D:4      | 1833 ||| READING 3 scrolls of teleportation.
  1835 | D:4      | Mangled by an ogre

Levels and vault maps discovered:
D:1:      zelgadis_glass_arrival_small, layout_loops_ring,
          shapermc_ecumenical_altar_totnotflames, minivault_14,
          skrybe_limestone_x
D:2:      layout_rooms, basic_altar
D:3:      layout_basic, nzn_wu_jian_contemplation
D:4:      layout_loops_ring

Skill      XL: |  1  2  3  4 |
---------------+-------------+-----
Ranged Weapons | 3 4 5 |  5.0
Fighting       | 2 |  2.9
Dodging        | |  2.1
Spellcasting   | |  1.0
Hexes          | |  2.0

Action                     |  1- 3 |  4- 6 || total
---------------------------+-------+-------++-------
   Fire: Sling             |   105 |    45 ||   150
    Use: Scroll            |     7 |     2 ||     9
 Armour: Leather armour    |    12 |     2 ||    14
         Robe              |     4 |       ||     4
  Dodge: Dodged            |    23 |     8 ||    31

Table legend:
 A = Non-vault XP
 B = Vault XP
 C = Vault XP percentage of total XP
 D = Non-vault monster count
 E = Vault monster count
 F = Vault count percentage of total count
                 A         B        C        D         E       F
            +---------+---------+-------+---------+---------+-------
      Total |     178 |       0 |   0.0 |      47 |       0 |   0.0
            +---------+---------+-------+---------+---------+-------
        D:1 |      28 |       0 |   0.0 |      16 |       0 |   0.0
        D:2 |      24 |       0 |   0.0 |      11 |       0 |   0.0
        D:3 |     126 |       0 |   0.0 |      20 |       0 |   0.0
            +---------+---------+-------+---------+---------+-------
